 Dungeon Crawl Stone Soup version 0.15-a0-1808-ge879653 (webtiles) character file.

930 PolkaDot the Jinx (level 7, 0/46 HPs)
             Began as a Vampire Enchanter on July 1, 2014.
             Killed by an exploding giant spore (30 damage)
             ... on Level 7 of the Dungeon.
             The game lasted 00:18:51 (5586 turns).

PolkaDot the Jinx (Vampire Enchanter)               Turns: 5586, Time: 00:18:52

HP   0/46        AC  6     Str  7      XL: 7   Next: 86%
MP   4/12        EV 12     Int 19      God:
Gold 291         SH  0     Dex 14      Spells:  3 memorised,  4 levels left

rFire  . . .     SeeInvis +     d - -2 dagger (curse)
rCold  + + .     Clarity  .     b - +1 robe
rNeg   + + +     rCorr    .     (no shield)
rPois  +         rRot     +     l - +0 helmet
rElec  .         Spirit   .     h - +0 cloak
SustAb .         Warding  .     (no gloves)
rMut   .         Stasis   .     t - +0 pair of boots
Gourm  .                        p - amulet of rage
MR     .....                    (no ring)
                                (no ring)

@: bloodless, non-regenerating, not resistant to hostile enchantments, quite
stealthy
A: bottle blood, fangs 3, see invisible, unbreathing
a: Bat Form, Bottle Blood, Evoke Berserk Rage


You were on level 7 of the Dungeon.
You were bloodless.

You visited 1 branch of the dungeon, and saw 7 of its levels.

You collected 291 gold pieces.

Inventory:

Hand weapons
 a - a +4 dagger
 d - a cursed -2 dagger (weapon)
 v - a +1 antimagic cutlass
Armour
 b - a +1 robe (worn)
 h - a +0 cloak (worn)
 l - a +0 helmet (worn)
 t - a +0 pair of boots (worn)
Scrolls
 e - 2 scrolls of teleportation
 k - 3 scrolls of recharging
 o - a scroll of amnesia
 s - 2 scrolls of remove curse {unknown}
Jewellery
 p - an amulet of rage (around neck)
Potions
 f - a potion of agility
 g - a potion of haste {unknown}
 i - a potion of cure mutation {unknown}
 j - a potion of brilliance
 m - a potion of degeneration {unknown}
 q - a potion of confusion {unknown}
 r - a potion of paralysis {unknown}
 u - a potion of might {unknown}
Books
 c - a book of Maledictions

   Spells                             Type                      Level
   *Corona                            Hexes                        1
   Sure Blade                         Hexes/Charms                 2
   *Ensorcelled Hibernation           Hexes/Ice                    2
   *Confuse                           Hexes                        3
   Dazzling Spray                     Conjuration/Hexes            3
   Enslavement                        Hexes                        4


   Skills:
 + Level 4.6 Short Blades
 - Level 2.1 Dodging
 + Level 8.2 Stealth
 - Level 2.0 Spellcasting
 * Level 10.0 Hexes
 - Level 1.3 Ice Magic


You had 4 spell levels left.
You knew the following spells:

 Your Spells              Type           Power        Failure   Level  Hunger
a - Corona                Hex            #####..      1%          1    #......
c - Confuse               Hex            #####...     1%          3    ####...
d - Ensorcelled Hibernat  Hex/Ice        ###...       2%          2    ##.....


Dungeon Overview and Level Annotations

Branches:
Dungeon (7/15)
 Temple: D:4-7

Altars:
Cheibriados
Makhleb
Nemelex Xobeh
Zin
The Shining One


Innate Abilities, Weirdness & Mutations

You do not heal naturally.
You can bottle blood from corpses.
You have razor-sharp teeth.*
You have supernaturally acute eyesight.
You can survive without breathing.*


Message History

Aiming: Ensorcelled Hibernation
Press: ? - help, Shift-Dir - straight line, f/p - rat
Aim: a rat The rat looks drowsy...
* * * LOW MAGIC WARNING * * *
The helpless rat fails to defend itself.
You bite the rat, and draw its blood!
You feel better.
You feel slightly less thirsty.
You perforate the rat like a sieve!!!
You kill the rat!
You closely miss the giant spore.
The giant spore explodes!
A fungus suddenly grows.
The orc appears confused.
The explosion of spores engulfs the orc.
The orc dies!
The orc appears confused.
The explosion of spores engulfs the orc.
The orc dies!
The explosion of spores engulfs you!
Ouch! That really hurt!
You die...

####.#####.##*#.#*...,,,******,**
* #.#o...o####.##.#..,**** *,**
####.#.###.#...........,,,****,,,
.....#.#.....##.##.#....,,,,,,,,,
............o.........s.,,,,,,,,,
#.#h##.##...............,,,,,,,,,
#.#.*#.......#.()o.......,*,,,,,,
.,.........#.###P#.#....,,,,,,,,,
*.#.##.##..#.# #@#,#,,,*,,*,,,,**
,...*#.##..#.#*#.#,,,,,,,,*,,,,**
.,..,.........,...,,,,,,,,*,,,,,,
,,,....#...........,,,,,,,,,,,,,,
*,,,*#.#..#.........,,,,,,*,,,,*,
*,,,,,,H.........#...,**,,*,,,,*,
**,,,,,**.*.##.###...#***,*,*,,*,
*,,,*,**,*,*#.**,...,,,,,,,*,,,,
**,,,*,**,*,**,**,*,,***,,,,,,,,*


You could see an orc.

Vanquished Creatures
  A sky beast (D:5)
  A centaur (D:5)
  A giant frog (D:7)
  3 jellies
  4 orc wizards
  2 hounds
  3 worker ants
  An iguana (D:4)
  A giant frog skeleton (D:5)
  2 orc priests
  6 gnolls
  A worker ant zombie (D:5)
  5 adders
  2 shadow imps (D:5)
  2 orc zombies (D:5)
  3 giant geckos
  2 oozes (D:3)
  18 orcs
  A ball python (D:5)
  9 bats
  A bat skeleton (D:4)
  4 giant cockroaches
  13 hobgoblins
  A jackal (D:7)
  7 kobolds
  3 quokkas
  6 giant newts
  9 goblins
  13 rats
125 creatures vanquished.

Vanquished Creatures (others)
  2 orcs (D:7)
2 creatures vanquished.

Grand Total: 127 creatures vanquished

Notes
Turn   | Place    | Note
--------------------------------------------------------------
     0 | D:1      | PolkaDot, the Vampire Enchanter, began the quest for the Orb.
     0 | D:1      | Reached XP level 1. HP: 13/13 MP: 3/3
   365 | D:1      | Reached XP level 2. HP: 11/19 MP: 2/4
  1072 | D:1      | Learned a level 2 spell: Ensorcelled Hibernation
  2048 | D:2      | Reached skill level 1 in Ice Magic
  2048 | D:2      | Reached XP level 3. HP: 24/24 MP: 0/6
  2336 | D:2      | Found a burning altar of Makhleb.
  2363 | D:2      | Noticed a cacodemon
  2366 | D:2      | Found a glowing silver altar of Zin.
  2366 | D:2      | Noticed an angel
  2462 | D:2      | Reached skill level 5 in Hexes
  2558 | D:2      | Found a glowing golden altar of the Shining One.
  2579 | D:2      | Reached XP level 4. HP: 30/30 MP: 4/7
  2749 | D:3      | Learned a level 3 spell: Confuse
  2804 | D:3      | Found a snail-covered altar of Cheibriados.
  2983 | D:3      | Reached skill level 5 in Stealth
  2983 | D:3      | Reached skill level 6 in Hexes
  3066 | D:3      | Reached XP level 5. HP: 15/35 MP: 2/9
  3815 | D:4      | Reached skill level 7 in Hexes
  4096 | D:4      | HP: 1/35 [orc (2)]
  4153 | D:4      | Reached XP level 6. HP: 10/41 MP: 2/10
  4292 | D:4      | Reached skill level 8 in Hexes
  4510 | D:5      | Entered Level 5 of the Dungeon
  4949 | D:5      | Reached XP level 7. HP: 46/46 MP: 7/12
  4961 | D:5      | Reached skill level 9 in Hexes
  5515 | D:6      | Found a sparkling altar of Nemelex Xobeh.
  5552 | D:7      | Reached skill level 10 in Hexes
  5586 | D:7      | Killed by an exploding giant spore

Action                   |  1- 3 |  4- 6 |  7- 9 || total
-------------------------+-------+-------+-------++-------
Melee: Dagger            |   105 |   193 |    83 ||   381
 Cast: Corona            |     7 |       |       ||     7
       Ensorcelled Hiber |    16 |    55 |    19 ||    90
       Confuse           |       |       |     5 ||     5
  Use: Scroll            |       |    15 |     2 ||    17
       Potion            |       |     6 |     1 ||     7
 Stab: Sleeping          |    15 |    52 |    13 ||    80
       Confused          |       |       |     5 ||     5
